Workbook

Sheet E01.001 VAR. QUEJAS Y RECL
E1: GESTIONAR SOLICITUDES Y CORRESPONDENCIA HOJA DE VIDA DE INDICADORES POR PROCESO | I1: Código | J1: E01.001
I2: Página | J2: 1 de
I3: Versión | J3: 5.0
B4: ATENCIÓN AL CIUDADANO | I4: Vigencia | J4: 42440
A5: DEFINICIÓN DEL INDICADOR
A6: Código del Indicador | B6: E01.001 | E6: Nombre del indicador | F6: VARIACIÓN DE QUEJAS DE LA SECRETARÍA DE EDUCACION | I6: Tipo de indicador | J6: Proceso
I7: Tablero Indicadores
A9: Objetivo del indicador | B9: Determinar la disminución o incremento en el volumen de las quejas y los reclamos que recibe la Secretaría en comparación con el período anterior por área y en general de la Secretaría, con el fin de generar acciones para el mejoramiento de este indicador | G9: Pertinencia del Indicador | H9: La medición del comportamiento de las quejas y reclamos que llegan a la Secretaría, permite evaluar la eficiencia de las áreas en la prestación del servicio, conocer el grado de satisfacción de los clientes y evaluar los mecanismos de mejora del servicio, si se requiere.
A10: Unidad de medida | B10: PORCENTAJE | G10: Definición de variables de la Fórmula | H10: 1) VTQ: Variación total de quejas de la Secretaria Qt: Quejas totales recibidas en la Secretaría en el periodo actual Qt-1: Quejas totales recibidas en la Secretaría en el periodo anterior 2) VQAi: Variación de quejas del área i de la Secretaría Qit: Quejas recibidas en el área i en el periodo actual Qit-1: Quejas recibidas en el área i en el periodo anterior 3) VTR: Variación total de reclamos de la Secretaria
A11: Fórmula para su Cálculo | B11: Quejas en contra de rectores y docentes, formuladas por padres de familia, alumnos y docentes, demora en trámite de prestaciones y queja contra proinsalud atendida por el comité de prestaciones sociales, de igual manera por solicitud de traslado e inconformidad por horas extras1) VTQ= (Qt -Qt-1)/Qt-1 2) VQAi= (Qit -Qit-1)/Qit-1 3) VTR= (Rt -Rt-1)/Rt-1 4) VRAi= (Rit -Rit-1)/Rit-1 | G11: Aspectos metodológicos | H11: En la medida en que un cliente presenta una queja o reclamo, verbal o escrita, se registra en el Sistema de Atención al Ciudadano - SAC o en la Planilla de Atención al Ciudadano cuando no se cuente con este sistema. Al final de cada mes se obtiene por separado, el número total de quejas y reclamos que recibió cada área. Al compararse los resultados obtenidos con los del mes anterior, se logra visualizar el comportamiento (creciente o decreciente) que vienen presentando las quejas y reclamos presentados por los clientes. Para el análisis de los resultados, y planteamiento de mejoras en caso de que se requiera, es necesario evaluar las causales y su frecuencia.
A12: Fuente de los datos | B12: Sistema de Atención al Ciudadano - SAC | G12: Periodicidad / Fechas de medición | H12: Mensual
A13: Responsable de generar el indicador | B13: Profesional Universitario Grado 04 de Servicio de Atención al Ciudadano | G13: Responsable del seguimiento del indicador | H13: Profesional Universitario Grado 04 de Servicio de Atención al Ciudadano
A14: Línea de base | B14: 10 | E14: Meta | F14: 6 | G14: Rangos de evaluación | H14: Bueno | I14: Regular | J14: Malo
H15: <10 quejas | I15: 10 Quejas≤X=15 quejas | J15: > 15 quejas
B17: -ATENCIÓN AL CIUDADANO- | E17: GESTIONAR SOLICITUDES Y CORRESPONDENCIA HOJA DE VIDA DE INDICADORES POR PROCESO | I17: Código | J17: E01.001
I18: Página | J18: 2 de
I19: Versión | J19: 5.0
I20: Vigencia | J20: 42440
A21: SEGUIMIENTO AL INDICADOR VARIACIÓN DE QUEJAS Y RECLAMOS DE LA SECRETARÍA
A22: Fecha | B22: Meta | C22: Logro | D22: % Logro | E22: Observaciones del Resultado | F22: Acciones de mejoramiento requeridas | H22: Responsable | I22: Fecha Limite | J22: Estado Acciones
A23: 41670 | B23: 10 | C23: 7 | D23: =+(7-7)/7 -> 0 | E23: Se observar que en este mes hubo diferencia con 3 quejas frente al mes anterior, donde se visualiza que las quejas corresponden a inconformismo frente a docentes o administrativos por mal comportamiento e incumplimiento de funciones, ausentismo laboral, inconsistencias de nómina acoso laboral y solicitud de cambio de docentes | F23: Remitir las quejas contra servidores públicos a la Oficina de Control Interno Disciplinario y hacer seguimiento a quejas y reclamos desde Atención al Ciudadano y en conjunto con las demás áreas | H23: Dependencias involucradas | I23: 42035 | J23: Cumplido
A24: 41698 | B24: 10 | C24: 18 | D24: =+(C24-C23)/C23 -> 1.5714286 | E24: Existe incremento con respecto al mes anterior y se debe en primer lugar a quejas presentadas por novedades y descuentos de nòmina, de igual manera quejas contra docentes y funcionarios de Recursos Humanos | F24: Se realiza el tramite pertinentes y se hace seguimiento a las quejas presentadas desde Atenciòn al Ciudadano | H24: Dependencias involucradas | I24: 42035 | J24: Cumplido
A25: 41728 | B25: 10 | C25: 14 | D25: =+(C25-C24)/C24 -> -0.22222222 | E25: Quejas contra docentes, directivos docentes, embargos, descuentos de nòmina. | F25: Remitir las quejas contra servidores públicos a la Oficina de Control Interno Disciplinario y hacer seguimiento a quejas y reclamos desde Atención al Ciudadano y en conjunto con las demás áreas | H25: Dependencias involucradas | I25: 42035 | J25: Cumplido
A26: 31/04/2014 | B26: 10 | C26: 8 | D26: =+(C26-C25)/C25 -> -0.42857143 | E26: Quejas contra docentes, directivos docentes, maltrato a alumnos, novedades de nòmina, pago de horas extras | F26: Remitir las quejas contra servidores públicos a la Oficina de Control Interno Disciplinario y hacer seguimiento a quejas y reclamos desde Atención al Ciudadano y en conjunto con las demás áreas | H26: Dependencias involucradas | I26: 42035 | J26: Cumplido
A27: 41790 | B27: 10 | C27: 23 | D27: =+(C27-C26)/C26 -> 1.875 | E27: Quejas contra rectores, docentes, por traslados, queja contra un funcionario de atencion al ciudadano, tutelas | F27: Remitir las quejas contra servidores públicos a la Oficina de Control Interno Disciplinario y hacer seguimiento a quejas y reclamos desde Atención al Ciudadano y en conjunto con las demás áreas | H27: Dependencias involucradas | I27: 42035 | J27: Cumplido
A28: 41820 | B28: 10 | C28: 13 | D28: =+(C28-C27)/C27 -> -0.43478261 | E28: Quejas contra rectores, docentes, maltrato contra docentes y alumnos, por traslados de docentes, por inasistencia de docentes, quejas contra contratistas | F28: Remitir las quejas contra servidores públicos a la Oficina de Control Interno Disciplinario y hacer seguimiento a quejas y reclamos desde Atención al Ciudadano y en conjunto con las demás áreas | H28: Dependencias involucradas | I28: 42035 | J28: Cumplido
A29: 41851 | B29: 10 | C29: 13 | D29: =+(C29-C28)/C28 -> 0 | E29: Quejas contra rectores, docentes, maltrato contra docentes y alumnos, por traslados de docentes, por inasistencia de docentes, quejas por maltrato infantil | F29: Remitir las quejas contra servidores públicos a la Oficina de Control Interno Disciplinario y hacer seguimiento a quejas y reclamos desde Atención al Ciudadano y en conjunto con las demás áreas | H29: Dependencias involucradas | I29: 42035
A30: 44592 | B30: 10 | C30: 12 | D30: =+(13-7)/7 -> 0.85714286 | E30: Queja en contra de la Profesional de Archivo de la Secretaria, queja por falta de atención frente a cita solicitada. Queja por falta de trámite de revisión de prestación social solicitada, Queja por falta de tramite de prestaciones sociales y por error en digitación de apellidos e identificación de actos administrativos, Reporte a Docente por inasistencia Y Segunda solicitud de corrección en Convenios | F30: Se realiza el tramite pertinente y se hace seguimiento a las quejas presentadas desde Atenciòn al Ciudadano | H30: Dependencias involucradas | I30: 44592 | J30: Cumplido | N30: =24-2 -> 22
A31: 44620 | B31: 10 | C31: 15 | D31: =+(C30-C31)/C30 -> -0.25 | E31: Queja en contra de Contratista Stephanie Ordoñez, por falta de tramite a las prestaciones sociales, Falta de expedición de certificados y paz y salvos, demora en su trámite; Queja en contra de docente por maltrato a una madre de familia; Por falta de tramite a un embargo; Queja en contra del PAE por mal estado de los alimentos aportados; por docentes amenazados hay 3 quejas, por falta de nombramiento de docentes, nombramiento de un docente, desactivación en salud | F31: Se realiza el tramite pertinente y se hace seguimiento a las quejas presentadas desde Atenciòn al Ciudadano | H31: Dependencias involucradas | I31: 44620 | J31: Cumplido
A32: 44651 | B32: 10 | C32: 12 | D32: =+(C31-C32)/C31 -> 0.2 | E32: Queja por falta de respuesta de fondo y tramite de sustitución, falta de expedición de paz y salvo para tramite de cesantia; Mal estado de vías y peligro inminente para el transporte escolar - Institución educativa San Martin de Porres - Samaniego; mal estado de alimentos entregados por el operador para la semana del 28 de febrero de 2022 al 04 de marzo de 2022, a la Institución Educativa Agropecuaria Santa Ana del municipio de Imues; por qué no se da la orden de pago de mi pensión; la resolución de reconocimiento está desde el 15 de diciembre; entrega de informacion a personas desconocidas sin tener encuenta mi situacion de desplazada | F32: Se realiza el tramite pertinente y se hace seguimiento a las quejas presentadas desde Atenciòn al Ciudadano | H32: Dependencias involucradas | I32: 44651 | J32: Cumplido
A33: 44681 | B33: 10 | C33: 15 | D33: -0.0275 | E33: Inconformidad en cuanto a la manera como se ha reemplazado a la directora del grado 1-2,; queja por no realizar actividades extracurriculares complementarias contra el docente: MANUEL GERMAN YAMA CADENA; por falt a de expedición de cerificado de salarios; por maltrato a estudiante, realizado por la profesora Aleyda Celis Pantoja del Colegio Nuestra Señora de Fátima del Municipio de Sandoná.; por presunto abandono de cargo del docente jefferson stiven esterilla palacios, quien desde el mes de agosto de 2021 que se reinicio las labores educativas en presencialidad no ha hecho presencia en la comunidad ni en la institucion.; queja presentada por docentes relacionada con la necesidad de tener acompañamiento y capacitación a como dar respuesta a las situaciones que se puedan presentar en el marco del conflicto armado | F33: Se realiza el tramite pertinente y se hace seguimiento a las quejas presentadas desde Atenciòn al Ciudadano | H33: Dependencias involucradas | I33: 44681 | J33: Cumplido | Q33: =24-9 -> 15
A34: 44712 | B34: 10 | C34: 12 | D34: =+(C33-C34)/C33 -> 0.2 | E34: Inconsistencias de nomina por descuentos realizados, por falta de expedición de certificado, por pago del mes de abril no se refleja el sobresueldo por concepto de nombramiento por encargatura de directivo docente coordinador de la I.E.Bachillerato-La Cruz ; no se ha cumplido con la expedición del certificado de paz y salvo; correcciones en mi historia laboral, ya que cuando solicite este certificado me lo enviaron con un error en mi segundo apellido; por inconsistencias de nomina por falta de pago de recargo directivo docente; por falta de pago por trabajo como docente de vacante temporal de la Institución educativa Rafael Uribe Uribe en la que labore durante las fecha de 07 de marzo a 18 de abril del presente año 2022.; cobro de retefuente indicando que fue desvinculado, queja por pago de retroactivo a otra cuenta. | F34: Se realiza el tramite pertinente y se hace seguimiento a las quejas presentadas desde Atenciòn al Ciudadano | H34: Dependencias involucradas | I34: 44712 | J34: Cumplido
A35: 44742 | B35: 10 | C35: 7 | D35: =+(C34-C35)/C34 -> 0.41666667 | E35: La sede san Antonio anexa a la I.E Policarpa se encuentra sin docente; Falta de expedición de certificado de salarios, queja por maltrato a una menor por parte de una docente; la Institución Educativa Técnico Girardot, en donde se solicita dar solución inmediata a la entrega de insumos de limpieza y desinfección como también mejorar la entrega de alimentos de fruver por el operador La Villa SAS; presentar queja formal frente a los insumos entregados a la Sede 5 Alto Jiménez de la I.E. Santo Tomas de Aquino, del municipio de Sandoná, del programa PAE,; el centro educativo Santa Cecilia Panamal, en donde se solicita dar solución inmediata a la capacitación y pago de la manipuladora por el operador Asociación De Cabildos y Autoridades Indígenas Del Nudo De Los Pastos Shaquiñan | F35: Se realiza el tramite pertinente y se hace seguimiento a las quejas presentadas desde Atenciòn al Ciudadano | H35: Dependencias involucradas | I35: 44742 | J35: Cumplido
A36: 44773 | B36: 10 | C36: 7 | D36: =+(C35-C36)/C35 -> 0 | E36: La Institución Educativa Santander y el centro educativo Santo Tomas, en donde se reporta que las entregas de alimentos de fruver y granos por el operador Asociación De Cabildos y Autoridades Indígenas Del Nudo De Los Pastos Shaquiñan estan incompletos y de mala calidad; queja indicando que desde el inicio del año lectivo los buses de la institución santa teresita de alquer estan sin soat, sin tecnomecanica y no se les ha hecho mantenimiento preventivo y/o correctivo a los buses...sin tener a la fecha ninguna respuesta; incumplimiento en funciones por parte de directivos y administrativos despues de vacaciones; incumplimiento de funciones por parte del docente docente Marco Latorre quien labora en la institucion educativa el Manzano de Taminango nariño | F36: Se realiza el tramite pertinente y se hace seguimiento a las quejas presentadas desde Atenciòn al Ciudadano | H36: Dependencias involucradas | I36: 44773 | J36: Cumplido
A37: 44804 | B37: 10 | C37: 5 | D37: =+(C36-C37)/C36 -> 0.28571429 | E37: Adjunta documento radicado ante la Alcaldía Municipal de barbacoas donde se manifiesta que hasta tanto los buses no tengan los requerimientos de soat. tecno mecánica, póliza todo riesgo y mantenimiento preventivo y/o correctivo no se prestará el servicio de transporte a los alumnos de la institución. y solicito se aclare la responsabilidad sobre estos gastos de los buses escolares; denuncia sobre unas llamadas de amenazas y un mensaje de texto que recibí el día 2 de agosto de 2022, del número de celular 3234605157 y me encontraba laborando en la Institución Educativa Agropecuaria El Ejido; a través de abogado presenta de la docente de Barbacoas MARIA MAGALIS CORTES ALBAN dar conocer su condición de víctima del conflicto con los grupos al margen de la ley en especial el ELN, por hechos que afectan su vida, familia, salud e involucran su trabajo; se haga seguimiento URGENTE a la educación del colegio IEM JOSE FELIX JIMENEZ SEDE MADRE CARIDAD, en el grado primero , donde se tomaron a nuestros hijos como conejillos de indias en un proyecto de la profesora a cargo. NO VEMOS avances en los temas que corresponde al grado. Les informamos que algunos estudiantes han sido retirados a este tiempo del colegio por el bajo rendimiento académico que se llevó a un retroceso de aprendizaje, y matriculados en colegios privados incurriendo a gastos por una mejor enseñanza a nuestros hijos; Una madre de familia de la Institución de Pompeya en el Tablón de Gomez pide a la Secretaria de educación que por favor cambien a los directivos del colegio, ya que el Rector no hace seguimiento de trabajo a celador y docentes. | F37: Se realiza el tramite pertinente y se hace seguimiento a las quejas presentadas desde Atenciòn al Ciudadano | H37: Dependencias involucradas | I37: 44804 | J37: Cumplido
A38: 44834 | B38: 10 | C38: 4 | D38: =+(C37-C38)/C37 -> 0.2 | E38: Comunicación de anomalías presentadas en la metodología de evaluación por docente de la Institución Educativa Policarpa Salavarrieta municipio de Samaniego Nariño, Área Artística, donde el docente acoge los ajustes pero no aplica en el momento de evaluación a la estudiante con barreras de aprendizaje, afectando su desarrollo psicológico y de aprendizaje. inconsistencias allegadas el día 07 de septiembre del año en vigencia por el centro educativo Las Minas, por el operador Asociación De Cabildos y Autoridades Indígenas Del Nudo De Los Pastos Shaquiñan, en donde se reporta que el pago de la bonificación a la manipuladora solo se efectuó de los meses febrero y marzo adeudándose abril, mayo, junio, julio y agosto. Rechazo a la decisión del Acto Administrativo Resolución Nro. NARINB20220000033 que resuelve recurso de apelación negando el pago de cesantías definitivas a la beneficiaria EMILSEN VIVAS CIFUENTES identificada con C.C. 31.583.995 en calidad de compañera permanente del Docente fallecido CLEMINTO NERIS REGINFO SALAZAR identificado con C.C. 5.303.000. Informe de los sucesos ocurridos en el centro educativo La Palma, El día 22 del presente en la institución de la palma resguardo de Mayasquer informo , que los señores Erica Muepaz y Juan Elías Estrada y la señora Gladis Daza el señor Lisardo Valenzuela, se tomaron la escuela y no me dejaron entrar a dar clases a los 2 niños de nombres KIMBERLY ALEJANDRA JUASPUEZAN DE PREESCOLAR Y AL NIÑO NILSON CHACUA MALTE DE TERCERO | F38: Se realiza el tramite pertinente y se hace seguimiento a las quejas presentadas desde Atenciòn al Ciudadano | H38: Dependencias involucradas | I38: 44834 | J38: Cumplido | K38: Cumplido
A39: 44865 | B39: 10 | C39: 3 | D39: =+(C38-C39)/C38 -> 0.25 | E39: La I.E. AGROECOLOGICA SAGRADO CORAZON DE JESUS DE CUETIAL, municipio de Cumbal no está trabajando la semana de receso estudiantil; FLAVIO JESÚS KLINGER SEGURA presentar denuncia por injuria y calumnia; solicito se investigue el actuar de la señora coordinadora NELLY BERNARDA MORAN ASTUR de la Institución Educativa Técnica Santo Tomas del municipio de Gualmatán sede corregimiento de Cuatis. | F39: Se realiza el tramite pertinente y se hace seguimiento a las quejas presentadas desde Atenciòn al Ciudadano | H39: Dependencias involucradas | I39: 44865 | J39: Cumplido | K39: Cumplido
A40: 44895 | B40: 10 | C40: 4 | D40: =+(C39-C40)/C39 -> -0.33333333 | E40: Queja en contra de las docentes. RIGNA NAZARETH QUIÑONES. EVA LISETH SANCHEZ.NEIVA MENDOZA. esta docente chocoana viene presentando serios problemas en la institución educativa, se niega a firmar asistencia, no responde saludo de los directivos, viene generando división en la institución; me permito adjuntar oficio de informe sobre queja frente aún docente que labora en La Institución Educativa Ecoturística de Remolino; la comunidad educativa de la Institución Educativa Técnica Comercial Pangús del corregimiento de Pangús del municipio de Los Andes- Sotomayor, presenta queja en contra de la Rectora por falta de informe En el manejo de recursos de gratuidad de los años 2021 y 2022 | F40: Se realiza el tramite pertinente y se hace seguimiento a las quejas presentadas desde Atenciòn al Ciudadano | H40: Dependencias involucradas | I40: 44895 | J40: Cumplido | K40: Cumplido
A41: 44926 | B41: 10 | C41: 7 | D41: =+(C40-C41)/C40 -> -0.75 | E41: Los padres de familia y estudiantes de la Institución Educativa Antonio Nariño grado 11, informan sobre algunas irregularidades por parte de docentes de la institución; los Docentes de la Institución Educativa Técnica Agropecuaria ""Eliseo Payán"" del municipio de Magüí Payán presentan queja sobre la implementación de la jornada única; queja informando que un docente que desempeña el cargo de Rector de la Institución educativa Nuestra Señora de Fátima del corregimiento de payan municipio de Córdoba (n), se encontraba por fuera de su lugar de trabajo y en horario laboral; queja La Sede La isla Asociada a la Institución educativa Pompeya, presenta queja por traslado de docentes dejando a la deriva y vulnerando nuevamente el derecho a la Educación de los niños y niñas de la Sede y queja por traslados | F41: Se realiza el tramite pertinente y se hace seguimiento a las quejas presentadas desde Atenciòn al Ciudadano | H41: Dependencias involucradas | I41: 44926 | J41: Cumplido | K41: Cumplido

Sheet GRAFICO I QUEJAS
B2: Bueno | D2: Regular | E2: Malo
B3: <10 quejas | D3: 10 Quejas≤X=15 quejas | E3: > 15 quejas
B4: Fecha | C4: Meta | D4: Logro | E4: % Logro
B5: Enero | C5: 10 | D5: =+'E01.001 VAR. QUEJAS Y RECL'!C30 -> 12 | E5: =+'E01.001 VAR. QUEJAS Y RECL'!D30 -> 0.85714286
B6: Febrero | C6: 10 | D6: =+'E01.001 VAR. QUEJAS Y RECL'!C31 -> 15 | E6: =+'E01.001 VAR. QUEJAS Y RECL'!D31 -> -0.25
B7: Marzo | C7: 10 | D7: =+'E01.001 VAR. QUEJAS Y RECL'!C32 -> 12 | E7: =+'E01.001 VAR. QUEJAS Y RECL'!D32 -> 0.2
B8: Abril | C8: 10 | D8: =+'E01.001 VAR. QUEJAS Y RECL'!C33 -> 15 | E8: =+'E01.001 VAR. QUEJAS Y RECL'!D33 -> -0.0275
B9: Mayo | C9: 10 | D9: =+'E01.001 VAR. QUEJAS Y RECL'!C34 -> 12 | E9: =+'E01.001 VAR. QUEJAS Y RECL'!D34 -> 0.2
B10: Junio | C10: 10 | D10: =+'E01.001 VAR. QUEJAS Y RECL'!C35 -> 7 | E10: =+'E01.001 VAR. QUEJAS Y RECL'!D35 -> 0.41666667
B11: Julio | C11: 10 | D11: =+'E01.001 VAR. QUEJAS Y RECL'!C36 -> 7 | E11: =+'E01.001 VAR. QUEJAS Y RECL'!D36 -> 0
B12: Agosto | C12: 10 | D12: =+'E01.001 VAR. QUEJAS Y RECL'!C37 -> 5 | E12: =+'E01.001 VAR. QUEJAS Y RECL'!D37 -> 0.28571429
B13: Septiembre | C13: 10 | D13: =+'E01.001 VAR. QUEJAS Y RECL'!C38 -> 4 | E13: =+'E01.001 VAR. QUEJAS Y RECL'!D38 -> 0.2
B14: Octubre | C14: 10 | D14: =+'E01.001 VAR. QUEJAS Y RECL'!C39 -> 3 | E14: =+'E01.001 VAR. QUEJAS Y RECL'!D39 -> 0.25
B15: Noviembre | C15: 10 | D15: =+'E01.001 VAR. QUEJAS Y RECL'!C40 -> 4 | E15: =+'E01.001 VAR. QUEJAS Y RECL'!D40 -> -0.33333333
B16: Diciembre | C16: 10 | D16: =+'E01.001 VAR. QUEJAS Y RECL'!C41 -> 7 | E16: =+'E01.001 VAR. QUEJAS Y RECL'!D41 -> -0.75

Sheet E01.002 EFECT RTA
B3: -ATENCIÓN AL CIUDADANO- | E3: GESTIONAR SOLICITUDES Y CORRESPONDENCIA HOJA DE VIDA DE INDICADORES POR PROCESO | I3: Código | J3: E01.002
I4: Página | J4: 1 de
I5: Versión | J5: 4.0
I6: Vigencia | J6: 42440
A7: DEFINICIÓN DEL INDICADOR
A8: Código del Indicador | B8: E01.002 | E8: Nombre del indicador | F8: EFECTIVIDAD EN LA RESPUESTA | I8: Tipo de indicador | J8: Proceso
I9: Tablero Indicadores | J9: NO
A11: Objetivo del indicador | B11: Determinar la capacidad de respuesta a la correspondencia que es enviada por la Secretaría en los tiempos estipulados | G11: Pertinencia del Indicador | H11: Teniendo en cuenta que parte importante de la satisfacción al cliente es obtener respuesta a sus inquietudes, y más, si es en un corto tiempo, la Secretaría fija unos acuerdos niveles de servicio-ANS (con base en la ley y acuerdos internos) para dar respuesta a la correspondencia . Por lo tanto, es importante medir el cumplimiento de estos acuerdos que se ven reflejados en la oportunidad en la entrega de la respuesta a los clientes.
A12: Unidad de medida | B12: Porcentaje | G12: Definición de variables de la Fórmula | H12: ER: Efectividad de las respuestas de las comunicaciones de la Secretaría RET: Respuestas emitidas en el tiempo establecido de las comunicaciones del mes TS: Total de solicitudes recibidas por la Secretaría que requieren respuesta PRSV: Correspondencia pendiente de respuesta sin vencer en el tiempo establecido
A13: Fórmula para su Cálculo | B13: ER = (RET/ (TS - PRSV))*100 | G13: Aspectos metodológicos | H13: En el Sistema de Atención al Ciudadano - SAC, se registra la correspondencia recibida por la Secretaría de sus clientes y las fechas en que las áreas de gestión dan respuesta a los requerimientos por medio de "respuesta enviada"; además se cuenta con el reporte Dependencias por estado de finalización, donde se genera los datos necesarios para determinar si la respuesta fue entregada en los tiempos estipulados por la Secretaría. Y en el caso de que no haya sistema se utiliza la Planilla Atención al Ciudadano. Es de anotar, que en el numerador no se tienen en cuenta la correspondencia respondida por fuera del tiempo estipulado y las vencidas que aún no se han respondido.
A14: Fuente de los datos | B14: Sistema de Atención al Ciudadano - SAC y/o Planilla Atención al Ciudadano | G14: Periodicidad / Fechas de medición | H14: Mensual
A15: Responsable de generar el indicador | B15: Profesional Universitario Grado 04 de Servicio de Atención al Ciudadano | G15: Responsable del seguimiento del indicador | H15: Profesional Universitario Grado 04 de Servicio de Atención al Ciudadano
A16: Línea de base | B16: 0.8 | E16: Meta | F16: 100 | G16: Rangos de evaluación | H16: Bueno: 80% a 100 % | I16: Regular: 79% a 60 % | J16: Malo: Inferior al 59%
B19: -ATENCIÓN AL CIUDADANO- | E19: GESTIONAR SOLICITUDES Y CORRESPONDENCIA HOJA DE VIDA DE INDICADORES POR PROCESO | I19: Código | J19: E01.002
I20: Página | J20: de
I21: Versión | J21: 4.0
I22: Vigencia | J22: 41229
A23: SEGUIMIENTO AL INDICADOR EFECTIVIDAD EN LA RESPUESTA
A24: Fecha | B24: Meta | C24: Logro | D24: % Logro | E24: Observaciones del Resultado | F24: Acciones de mejoramiento requeridas | H24: Responsable | I24: Fecha Limite | J24: Estado Acciones
A25: 41670 | B25: =+F16 -> 100 | C25: =95.17/100 -> 0.9517 | D25: =+(C25/B25)*100 -> 0.9517 | E25: Se observa un buen resultado en este indicador, evidenciando una vez más el compromiso de los funcionarios en responder a tiempo los requerimientos. | F25: Seguimiento y acompañamiento a las dependencias involucradas en el SAC, realizar reuniones periodicas con los coordinadores para determinar los puntos débiles. Esto se analiza en comitès directivos donde se observa el apoyo de los lideres de cada proceso con el personal a cargo | H25: Atención al Ciudadano. - Coordinadores dependencias | I25: 41670 | J25: Cumplido
A26: 41698 | B26: =+F16 -> 100 | C26: =97.43/100 -> 0.9743 | D26: =+(C26/B26)*100 -> 0.9743 | E26: Se mantiene en un buen nivel de respuesta, en este mes se incrementaron los requerimientos que ingresaron a la SED | F26: Seguimiento y acompañamiento a las dependencias involucradas en el SAC, realizar reuniones periodicas con los coordinadores para determinar los puntos débiles. Esto se analiza en comitès directivos donde se observa el apoyo de los lideres de cada proceso con el personal a cargo | H26: Atención al Ciudadano. - Coordinadores dependencias | I26: 41698 | J26: Cumplido
A27: 41728 | B27: =+F16 -> 100 | C27: =93.28/100 -> 0.9328 | D27: =+(C27/B27)*100 -> 0.9328 | E27: Se presenta un leve disminucion con relación al mes anterior, sin embargo se busca sobrepasar el 80% proyectado como linea de base | F27: Seguimiento y acompañamiento a las dependencias involucradas en el SAC, realizar reuniones periodicas con los coordinadores para determinar los puntos débiles. Esto se analiza en comitès directivos donde se observa el apoyo de los lideres de cada proceso con el personal a cargo | H27: Atención al Ciudadano. - Coordinadores dependencias | I27: 41728 | J27: Cumplido
A28: 31/04/2014 | B28: =+F16 -> 100 | C28: =97.29/100 -> 0.9729 | D28: =+(C28/B28)*100 -> 0.9729 | E28: A pesar de todos los inconvenientes presentados, se observa cumplimiento general en todos los requerimientos y en la efectiva respuesta dada a cada uno de sus peticiones asignadas. | F28: Seguimiento y acompañamiento a las dependencias involucradas en el SAC, realizar reuniones periodicas con los coordinadores para determinar los puntos débiles. Esto se analiza en comitès directivos donde se observa el apoyo de los lideres de cada proceso con el personal a cargo | H28: Atención al Ciudadano. - Coordinadores dependencias | I28: 31/04/2014 | J28: Cumplido
A29: 41790 | B29: =+B28 -> 100 | C29: =93.27/100 -> 0.9327 | D29: =+(C29/B30)*100 -> 0.9327 | E29: Una vez mas la efectividad de respuesta se ve disminuida pero se mantiene en buen nivel de satisfacciòn de acuerdo a la meta propuesta, pese a que en este mes se incrementaron los requerimientos | F29: Seguimiento y acompañamiento a las dependencias involucradas en el SAC, realizar reuniones periodicas con los coordinadores para determinar los puntos débiles. Esto se analiza en comitès directivos donde se observa el apoyo de los lideres de cada proceso con el personal a cargo | H29: Atención al Ciudadano. - Coordinadores dependencias | I29: 41790 | J29: Cumplido
A30: 41820 | B30: =+B25 -> 100 | C30: =95.91/100 -> 0.9591 | D30: =+(C30/B30)*100 -> 0.9591 | E30: Se observa un buen resultado en este indicador, evidenciando una vez más el compromiso de los funcionarios en responder a tiempo los requerimientos. | F30: Seguimiento y acompañamiento a las dependencias involucradas en el SAC, realizar reuniones periodicas con los coordinadores para determinar los puntos débiles. Esto se analiza en comitès directivos donde se observa el apoyo de los lideres de cada proceso con el personal a cargo | H30: Atención al Ciudadano. - Coordinadores dependencias | I30: 41820 | J30: Cumplido
A31: 41851 | B31: =+B30 -> 100 | C31: =88.85/100 -> 0.8885 | D31: =+(C31/B31)*100 -> 0.8885 | E31: Una vez mas la efectividad de respuesta se ve disminuida pero se mantiene en buen nivel de satisfacciòn de acuerdo a la meta propuesta, pese a que en este mes se incrementaron los requerimientos | F31: Seguimiento y acompañamiento a las dependencias involucradas en el SAC, realizar reuniones periodicas con los coordinadores para determinar los puntos débiles. Esto se analiza en comitès directivos donde se observa el apoyo de los lideres de cada proceso con el personal a cargo | H31: Atención al Ciudadano. - Coordinadores dependencias | I31: 41851 | J31: Cumplido
A32: 44592 | B32: 100 | C32: 0.984 | D32: 0.9029 | E32: El porcentaje de oportunidad de la Secretaria de Educación esta en los rangos superiores, observando oportunidad en la respuestas brindadas por los funciionarios. | F32: Seguimiento y acompañamiento a las dependencias involucradas en el SAC, realizar reuniones periodicas con los coordinadores para determinar los puntos débiles cuando hubiere lugar. | H32: Atención al Ciudadano. - Coordinadores dependencias | I32: 44592 | J32: Cumplido
A33: 44620 | B33: 100 | C33: 0.9364 | D33: =+C33*100% -> 0.9364 | E33: A pesar de existir requerimientos vencidos, la cantidad de peticiones que llegan a la Secretaria es mayor, pero existe oportunidad en la respuesta brindada y se mantiene en un rango de bueno | F33: Seguimiento y acompañamiento a las dependencias involucradas en el SAC, realizar reuniones periodicas con los coordinadores para determinar los puntos débiles cuando hubiere lugar. | H33: Atención al Ciudadano. - Coordinadores dependencias | I33: 44620 | J33: Cumplido
A34: 44651 | B34: 100 | C34: 0.9461 | D34: =+C34*100% -> 0.9461 | E34: La oportunidad de respuesta se mantiene en un rango bueno, existiendo requerimientos vencidos, se solicita mayor compromiso por parte de funcionarios y contratistas, y se coordina con los Jefes de cada dependencia | F34: Seguimiento y acompañamiento a las dependencias involucradas en el SAC, realizar reuniones periodicas con los coordinadores para determinar los puntos débiles cuando hubiere lugar. | H34: Atención al Ciudadano. - Coordinadores dependencias | I34: 44651 | J34: Cumplido
A35: 44681 | B35: 100 | C35: 0.9326 | D35: =+C35*100% -> 0.9326 | E35: La oportunidad de respuesta se encuentra con un porcentaje de 93.26% menor frente al mes anterior, pero se conserva en un rango bueno | F35: Seguimiento y acompañamiento a las dependencias involucradas en el SAC, realizar reuniones periodicas con los coordinadores para determinar los puntos débiles cuando hubiere lugar. | H35: Atención al Ciudadano. - Coordinadores dependencias | I35: 44681 | J35: Cumplido
A36: 44712 | B36: 100 | C36: 0.895 | D36: =+C36*100% -> 0.895 | E36: La baja de oportunidad de respuesta se debe al incumplimiento de respuestas a tiempo por parte de contratistas, a pesar de ello se mantiene en un rango bueno | F36: Seguimiento y acompañamiento a las dependencias involucradas en el SAC, realizar reuniones periodicas con los coordinadores para determinar los puntos débiles cuando hubiere lugar. | H36: Atención al Ciudadano. - Coordinadores dependencias | I36: 44712 | J36: Cumplido
A37: 44742 | B37: 100 | D37: =+C37*100% -> 0 | F37: Seguimiento y acompañamiento a las dependencias involucradas en el SAC, realizar reuniones periodicas con los coordinadores para determinar los puntos débiles cuando hubiere lugar. | H37: Atención al Ciudadano. - Coordinadores dependencias | I37: 44742 | J37: Cumplido
A38: 44742 | B38: 100 | C38: 0.9078 | D38: =+C38*100% -> 0.9078 | E38: Con respecto al mes anterior se incrementa en un porcentaje minimo, pero se mantiene en un porcentaje bueno la oportunidad de respuesta | F38: Seguimiento y acompañamiento a las dependencias involucradas en el SAC, realizar reuniones periodicas con los coordinadores para determinar los puntos débiles cuando hubiere lugar. | H38: Atención al Ciudadano. - Coordinadores dependencias | I38: 44742 | J38: Cumplido
A39: 44773 | B39: 100 | C39: 0.9625 | D39: =+C39*100% -> 0.9625 | E39: Se incrementa el porcentaje de oportunidad de respuestas, debido a que hay mayor compromiso por parte de funcionarios y contratistas frente a la respuestas brindadas. | F39: Seguimiento y acompañamiento a las dependencias involucradas en el SAC, realizar reuniones periodicas con los coordinadores para determinar los puntos débiles cuando hubiere lugar. | H39: Atención al Ciudadano. - Coordinadores dependencias | I39: 44773 | J39: Cumplido
A40: 44804 | B40: 100 | C40: 0.9445 | D40: =+C40*100% -> 0.9445 | E40: Disminucion del procentaje de oportunidad debido al incremento de requerimientos contestados fuera de tiempo, lo cual se evidencia para este mes con un total de 177 | F40: Seguimiento y acompañamiento a las dependencias involucradas en el SAC, realizar reuniones periodicas con los coordinadores para determinar los puntos débiles cuando hubiere lugar. | H40: Atención al Ciudadano. - Coordinadores dependencias | I40: 44804 | J40: Cumplido
A41: 44834 | B41: 100 | C41: 0.9468 | D41: =+C41*100% -> 0.9468 | E41: Incremento en el porcentaje de indicadores de oportunidad debido a la disminución de requerimientos contestados fuera de tiempo | F41: Seguimiento y acompañamiento a las dependencias involucradas en el SAC, realizar reuniones periodicas con los coordinadores para determinar los puntos débiles cuando hubiere lugar. | H41: Atención al Ciudadano. - Coordinadores dependencias | I41: 44834 | J41: Cumplido
A42: 44865 | B42: 100 | C42: 0.9378 | D42: =+C42*100% -> 0.9378 | E42: Disminucion del procentaje de oportunidad debido al incremento de requerimientos contestados fuera de tiempo, lo cual se evidencia para este mes con un total de 187 | F42: Seguimiento y acompañamiento a las dependencias involucradas en el SAC, realizar reuniones periodicas con los coordinadores para determinar los puntos débiles cuando hubiere lugar. | H42: Atención al Ciudadano. - Coordinadores dependencias | I42: 44865 | J42: Cumplido
A43: 44895 | B43: 100 | C43: 0.8691 | D43: =+C43*100% -> 0.8691 | E43: Se evidencia una baja en el porcentaje de oporunidad de respuesta, debido al incremento de requerimientos contestados fuera de tiempo para un total de 410 | F43: Seguimiento y acompañamiento a las dependencias involucradas en el SAC, realizar reuniones periodicas con los coordinadores para determinar los puntos débiles cuando hubiere lugar. | H43: Atención al Ciudadano. - Coordinadores dependencias | I43: 44895 | J43: Cumplido
A44: 44926 | B44: 100 | C44: 0.8923 | D44: =+C44*100% -> 0.8923 | E44: Se evidencia una baja en el porcentaje de oporunidad de respuesta, debido al incremento de requerimientos contestados fuera de tiempo para un total de 338 | F44: Seguimiento y acompañamiento a las dependencias involucradas en el SAC, realizar reuniones periodicas con los coordinadores para determinar los puntos débiles cuando hubiere lugar. | H44: Atención al Ciudadano. - Coordinadores dependencias | I44: 44926 | J44: Cumplido

Sheet GRAFICO EFEC
B4: Rangos de evaluación | C4: Bueno: 80% a 100 % | D4: Regular: 79% a 60 % | E4: Malo: Inferior al 59%
B5: Fecha | C5: Meta | D5: Logro | E5: % Logro
B6: Enero | C6: 100 | D6: =+'E01.002 EFECT RTA'!C32 -> 0.984 | E6: =+'E01.002 EFECT RTA'!D32 -> 0.9029
B7: Febrero | C7: 100 | D7: =+'E01.002 EFECT RTA'!C33 -> 0.9364 | E7: =+'E01.002 EFECT RTA'!D33 -> 0.9364
B8: Marzo | C8: 100 | D8: =+'E01.002 EFECT RTA'!C34 -> 0.9461 | E8: =+'E01.002 EFECT RTA'!D34 -> 0.9461
B9: Abril | C9: 100 | D9: =+'E01.002 EFECT RTA'!C35 -> 0.9326 | E9: =+'E01.002 EFECT RTA'!D35 -> 0.9326
B10: Mayo | C10: 100 | D10: =+'E01.002 EFECT RTA'!C36 -> 0.895 | E10: =+'E01.002 EFECT RTA'!D36 -> 0.895
B11: Junio | C11: 100 | D11: =+'E01.002 EFECT RTA'!D38 -> 0.9078 | E11: =+'E01.002 EFECT RTA'!D38 -> 0.9078
B12: Julio | C12: 100 | D12: =+'E01.002 EFECT RTA'!D39 -> 0.9625 | E12: =+'E01.002 EFECT RTA'!D39 -> 0.9625
B13: Agosto | C13: 100 | D13: =+'E01.002 EFECT RTA'!D40 -> 0.9445 | E13: =+'E01.002 EFECT RTA'!D40 -> 0.9445
B14: Septiembre | C14: 100 | D14: =+'E01.002 EFECT RTA'!D41 -> 0.9468 | E14: =+'E01.002 EFECT RTA'!D41 -> 0.9468
B15: Octubre | C15: 100 | D15: =+'E01.002 EFECT RTA'!D42 -> 0.9378 | E15: =+'E01.002 EFECT RTA'!D42 -> 0.9378
B16: Noviembre | C16: 100 | D16: =+'E01.002 EFECT RTA'!D43 -> 0.8691 | E16: =+'E01.002 EFECT RTA'!D43 -> 0.8691
B17: Diciembre | C17: 100 | D17: =+'E01.002 EFECT RTA'!D44 -> 0.8923 | E17: =+'E01.002 EFECT RTA'!D44 -> 0.8923

Sheet Ranking
B3: PUESTO RANKING
B4: MES | D4: LUGAR
B5: ENERO | D5: 43
B6: FEBRERO | D6: 45
B7: MARZO | D7: 35
B8: ABRIL | D8: 42
B9: MAYO | D9: 45
B10: JUNIO | D10: 49
B11: JULIO | D11: 39
B12: AGOSTO | D12: 40
B13: SEPTIEMBRE | D13: 38
B14: OCTUBRE | D14: 43
B15: NOVIEMBRE | D15: 53
B16: DICIEMBRE | D16: 44

Sheet E02.001 SATISFACCION CLIENTE
A2: -ATENCIÓN AL CIUDADANO- | E2: DESARROLLAR Y MANTENER RELACIONES CON EL CIUDADANO HOJA DE VIDA DE INDICADORES POR PROCESO | I2: Código | J2: E02.001
I3: Página | J3: 1 de 2
I4: Versión | J4: 5.0
I5: Vigencia | J5: 42440
A6: DEFINICIÓN DEL INDICADOR
A7: Código del Indicador | B7: E02.001 | E7: Nombre del indicador | F7: CUMPLIMIENTO DE LAS MEDICIONES DE SATISFACCIÓN DEL CLIENTE | I7: Tipo de indicador | J7: Proceso
I8: Tablero Indicadores | J8: NO
A10: Objetivo del indicador | B10: Determinar el cumplimiento en la gestión de las mediciones de satisfacción del cliente programadas | G10: Pertinencia del Indicador | H10: Con el fin de conocer la satisfacción de los clientes con respecto a los servicios que presta la Secretaría, se programa, en el plan de acción, el número de encuestas a realizar a los clientes. Por lo tanto, se requiere medir el cumplimiento de la meta fijada.
A11: Unidad de medida | B11: Porcentaje | G11: Definición de variables de la Fórmula | H11: CMSC: Cumplimiento en la medición de la satisfacción del cliente NME: Número de mediciones de satisfacción del cliente efectuadas en el año NMP: Número de mediciones de satisfacción del cliente programadas en el año
A12: Fórmula para su Cálculo | B12: CMSC = (NME / NMP) * 100 | G12: Aspectos metodológicos | H12: En el periodo estimado por la Secretaría en el Plan de Acción, se aplican las encuestas de Satisfacción del Servicio a los clientes seleccionados a través de un método estadístico. Las encuestas diligenciadas se compara con la meta programada obteniéndose de esta manera el porcentaje de cumplimiento de las mediciones de la satisfacción del cliente.
A13: Fuente de los datos | B13: Seguimiento a la ejecución del plan de acción del área encargada de las comunicaciones de la Secretaría | G13: Periodicidad / Fechas de medición | H13: Anual
A14: Responsable de generar el indicador | B14: Profesional Universitario de Archivo y Correspondencia | G14: Responsable del seguimiento del indicador | H14: Profesional Universitario de Servicio de Atención al Ciudadano
A15: Línea de base | B15: 1 | E15: Meta | F15: 1 | G15: Rangos de evaluación
B18: -ATENCIÓN AL CIUDADANO- | E18: DESARROLLAR Y MANTENER RELACIONES CON EL CIUDADANO HOJA DE VIDA DE INDICADORES POR PROCESO | I18: Código | J18: E02.001
I19: Página | J19: 2 de 2
I20: Versión | J20: 4.0
I21: Vigencia | J21: 41229
A22: SEGUIMIENTO AL INDICADOR
A23: Fecha | B23: Meta | C23: Logro | D23: % Logro | E23: Observaciones del Resultado | F23: Acciones de mejoramiento requeridas | H23: Responsable | I23: Fecha Limite | J23: Estado Acciones
A24: 44378 | B24: =+F15 -> 1 | C24: 2105 | D24: 1 | E24: La encuesta de Satisfacción será aplicaca a partir del 1 de julio con corte a 30 de Diciembre de 2022 | F24: Informe anexo de encuesta con la medición realizada | H24: Dependencias SED/ Atención al Ciudadano | I24: 44926 | J24: Analizado cada item de la encuesta adelantada con los grupos de valor.
